 Dungeon Crawl Stone Soup version 0.28-a0-793-g31680bbd8b (webtiles) character file.

Game seed: 6282676984335071674

77 kae the Caller (level 4, 0/49 HPs)
             Began as a Merfolk Summoner on Nov 4, 2021.
             Slain by an adder (1 damage)
             ... on level 3 of the Dungeon.
             The game lasted 00:02:45 (3864 turns).

kae the Caller (Merfolk Summoner)                   Turns: 3864, Time: 00:02:45

Health: 0/49       AC:  2    Str:  8    XL:     4   Next: 34%
Magic:  7/7        EV: 13    Int: 15    God:
Gold:   48         SH:  0    Dex: 14    Spells: 7/8 levels left

rFire   . . .      SeeInvis .   h - +0 dagger (holy)
rCold   . . .      Faith    .   (no shield)
rNeg    . . .      Spirit   .   a - +0 robe
rPois   .          Reflect  .   (no helmet)
rElec   .          Harm     .   (no cloak)
rCorr   .          Rampage  .   (no gloves)
Will    .....                   (no boots)
Stlth   ..........              (no amulet)
HPRegen 0.16/turn               (no ring)
MPRegen 0.10/turn               (no ring)

@: berserking, very quick
A: (nimble swimmer 2), mertail
a: no special abilities


You were on level 3 of the Dungeon.
You visited 1 branch of the dungeon, and saw 3 of its levels.

You collected 48 gold pieces.

Inventory:

Hand Weapons
 h - a +0 dagger of holy wrath (weapon)
Armour
 a - a +0 robe (worn)
 g - a +0 helmet
Jewellery
 c - an amulet of faith
Potions
 e - a potion of degeneration
 f - 2 potions of attraction {unknown}


   Skills:
 + Level 1.6 Fighting
 + Level 3.5 Dodging
 - Level 2.1 Stealth
 + Level 2.5 Spellcasting
 * Level 4.7 Summonings


You had 7 spell levels left.
You knew the following spells:

 Your Spells              Type           Power      Damage    Failure   Level
a - Summon Small Mammal   Summ           64%        N/A       3%          1

Your spell library contained the following spells:

 Spells                   Type           Power      Damage    Failure   Level
 Call Imp                 Summ           16%        N/A       4%          2
 Call Canine Familiar     Summ           16%        N/A       9%          3
 Summon Guardian Golem    Hex/Summ       9%         N/A       24%         3
 Summon Lightning Spire   Summ/Air       9%         N/A       61%         4


Dungeon Overview and Level Annotations

Branches:
Dungeon (3/15)

Altars:

Shops:
D:1 :


Innate Abilities, Weirdness & Mutations

((You are quick and stealthy near water. (Stealth+, EV+, Speed+++)))
Your lower body shifts to a powerful aquatic tail in water.


Message History

The orc hits you with a +0 falchion! The orc barely misses you.
You are too injured to fight recklessly!
You swap places.
Your quokka bites the orc.
The orc hits your quokka with a +0 hand axe.
The orc hits your quokka with a +0 flail.
Your quokka dies!
Your quokka's corpse disappears in a puff of smoke!
The adder bites you.
You hit the adder.
The adder is moderately wounded.
The adder bites you but does no damage. The orc barely misses you.
You barely miss the adder.
The adder is moderately wounded.
The adder completely misses you. The orc closely misses you.
You barely miss the adder.
The adder is moderately wounded.
The adder closely misses you. The orc closely misses you.
The adder closely misses you.
The orc hits you from afar with a +0 trident.
* * * LOW HITPOINT WARNING * * *
You hit the adder but do no damage.
The adder is moderately wounded.
The orc hits you with a +0 hand axe.
* * * LOW HITPOINT WARNING * * *
The adder barely misses you. The orc closely misses you.
You barely miss the adder.
The adder is moderately wounded.
The orc barely misses you. The adder bites you but does no damage.
The orc closely misses you.
A red film seems to cover your vision as you go berserk!
You feel yourself moving faster!
You feel mighty! The adder barely misses you.
The orc hits you but does no damage. The orc barely misses you.
You miss the adder.
The adder is moderately wounded.
The adder misses you. The orc hits you with a +0 hand axe.
* * * LOW HITPOINT WARNING * * *
You hit the adder.
The adder is heavily wounded.
The adder bites you.
You die...

#.. ##.. ##
..... ..
##...####.## .#
........#..#..#
##.....w$......
......ooo......
... #o# ....
#@#
.....##S####.##
...............
.......<####...
...#.##.# #....
... .S.# ##.##
#.. #.. #. #.#


You could see a worm, an adder and 4 orcs.

Vanquished Creatures
  A dart slug (D:1)
  3 endoplasms
  2 giant cockroaches (D:1)
  3 goblins
  A hobgoblin (D:1)
  2 kobolds (D:1)
  A quokka (D:1)
  4 bats
  2 frilled lizards
  2 rats
21 creatures vanquished.

Vanquished Creatures (collateral kills)
  Robin (D:2)
  3 worms (D:2)
  2 ball pythons
  3 bats (D:2)
  3 endoplasms (D:2)
  8 goblins
  3 hobgoblins
  5 frilled lizards
  3 kobolds
31 creatures vanquished.

Vanquished Creatures (others)
  A goblin (D:2)
1 creature vanquished.

Grand Total: 53 creatures vanquished

Notes
Turn   | Place    | Note
-------+----------+-------------------------------------------
     0 | D:1      | kae the Merfolk Summoner began the quest for the Orb.
     0 | D:1      | Reached XP level 1. HP: 13/13 MP: 3/3
   549 | D:1      | Reached XP level 2. HP: 16/20 MP: 5/5
  1190 | D:1      | Found Zat Inao's Book Boutique.
  1376 | D:1      | Reached skill level 1 in Fighting
  1453 | D:1      | Reached XP level 3. HP: 25/26 MP: 4/6
  1625 | D:1      | Found a faded altar of an unknown god.
  2251 | D:2      | Noticed Robin
  2689 | D:2      | Killed Robin
  2691 | D:2      | Reached XP level 4. HP: 9/32 MP: 5/7
  3863 | D:3      | HP: 1/49 [orc (4)]
  3864 | D:3      | Slain by an adder

Illustrated notes

Levels and vault maps discovered:
D:1:      eino_arrival_cavern_d, layout_loops_corners, serial_shops,
          nicolae_shop_trees, shapermc_ecumenical_altar_hornbeckon
D:2:      cheibrodos_helix_gallery, layout_loops_ring, uniq_robin
D:3:      layout_basic, gammafunk_ghost_arena, guppyfry_early_lair_pool,
          uniq_terence, uniq_sigmund

Skill      XL: |  1  2 |
---------------+-------+-----
Dodging        | 3 |  3.5
Fighting       | 1 |  1.6
Stealth        | |  2.1
Spellcasting   | |  2.5
Summonings     | |  4.7

Action                   |  1- 3 |  4- 6 || total
-------------------------+-------+-------++-------
Melee: Dagger            |   111 |    80 ||   191
       Unarmed           |    11 |       ||    11
       Tailslap          |       |     2 ||     2
 Cast: Summon Small Mamm |    26 |     9 ||    35
  Use: Scroll            |     3 |     4 ||     7
       Potion            |       |     1 ||     1
 Stab: Sleeping          |     5 |       ||     5
Armor: Robe              |    19 |    18 ||    37
Dodge: Dodged            |   105 |    85 ||   190

Table legend: (Time is in decaauts)
 A = Elapsed time spent in this place.
 B = Non-inter-level travel time spent in this place.
 C = Inter-level travel time spent in this place.
 D = Time resting spent in this place.
 E = Time spent auto-exploring this place.
 F = Levels seen in this place.
 G = Mean time per level.
                   A        B        C        D        E       F      G
               +--------+--------+--------+--------+--------+-----+--------+
         Total |   3856 |   3759 |     97 |    471 |   2729 |   3 | 1285.3 |
       Dungeon |   3856 |   3759 |     97 |    471 |   2729 |   3 | 1285.3 |
               +--------+--------+--------+--------+--------+-----+--------+

Top non-repeatable levels by time:
     D:1: 2266 daAuts
     D:2: 1566 daAuts
     D:3: 24 daAuts
